 Dungeon Crawl Stone Soup version 0.20-a0-453-g91466d2 (webtiles) character file.

26972 Kriby the Thaumaturge (level 13, -4/81 HPs)
             Began as a Mummy Fire Elementalist on Jan 8, 2017.
             Was a High Priest of Sif Muna.
             Slain by an orc warrior
             ... wielding a +2 mace of holy wrath
              (15 damage)
             ... on level 1 of the Orcish Mines.
             The game lasted 00:52:07 (26743 turns).

Kriby the Thaumaturge (Mummy Fire Elementalist)    Turns: 26743, Time: 00:52:08

Health: -4/81      AC: 14    Str: 13    XL:     13   Next: 1%
Magic:  0/31       EV: 12    Int: 21    God:    Sif Muna [*****.]
Gold:   1176       SH:  5    Dex: 12    Spells: 17/40 levels left

rFire  x . .     SeeInvis .     s - +2 dagger (speed)
rCold  + + .     Gourm    .     I - +4 steam dragon scales
rNeg   + + +     Faith    .     k - +0 buckler
rPois  ∞         Spirit   .     t - +0 helmet
rElec  .         Reflect  .     l - +1 cloak {+Inv}
rCorr  .         Harm     .     z - +0 pair of gloves
MR     +....                    o - +0 pair of boots
Stlth  ++........               (no amulet)
                                w - +3 ring of intelligence
                                q - ring of protection from cold

@: no status effects
A: no food or potions, fire vulnerability, cold resistance 1, negative energy
resistance 3, torment resistance, unbreathing, in touch with death 1
a: Divine Energy, Channel Magic, Forget Spell, Renounce Religion, Evoke
Invisibility


You were on level 1 of the Orcish Mines.
You worshipped Sif Muna.
Sif Muna was extremely pleased with you.
You were not hungry.

You visited 4 branches of the dungeon, and saw 17 of its levels.

You collected 1568 gold pieces.
You spent 392 gold pieces at shops.

Inventory:

Hand Weapons
 s - a +2 dagger of speed (weapon)
Armour
 i - +0 pearl dragon scales
 k - a +0 buckler (worn)
 l - a +1 cloak of invisibility (worn)
 o - a +0 pair of boots (worn)
 t - a +0 helmet (worn)
 v - a +0 troll leather armour
 y - a +2 cloak
 z - a +0 pair of gloves (worn)
 I - +4 steam dragon scales (worn)
Jewellery
 q - a ring of protection from cold (left hand)
 w - a +3 ring of intelligence (right hand)
 E - an uncursed ring of fire {unknown}
Wands
 h - a wand of disintegration (0/24)
 x - a wand of digging (22/24)
 B - a wand of digging (12/24)
 C - a wand of lightning (0/15)
 D - a wand of disintegration (6/24)
 H - a wand of random effects (30/48)
Scrolls
 c - 3 scrolls of fog
 d - 8 scrolls of identify
 e - 2 scrolls of enchant weapon
 f - 3 scrolls of immolation
 g - 3 scrolls of amnesia
 m - 2 scrolls of remove curse
 n - 3 scrolls of noise
 p - 3 scrolls of teleportation
 r - 2 scrolls of fear
Books
 b - a book of Flames

   Spells                             Type                      Level
   a - Flame Tongue                   Conjuration/Fire             1
   b - Throw Flame                    Conjuration/Fire             2
   c - Conjure Flame                  Conjuration/Fire             3
   d - Inner Flame                    Hexes/Fire                   3
   e - Sticky Flame                   Conjuration/Fire             4
   f - Fireball                       Conjuration/Fire             5
 u - a book of Cantrips

   Spells                             Type                      Level
   a - Confusing Touch                Hexes                        1
   b - Animate Skeleton               Necromancy                   1
   c - Summon Small Mammal            Summoning                    1
   d - Apportation                    Translocation                1
 F - a book of Fire

   Spells                             Type                      Level
   a - Ignite Poison                  Fire/Transmutation/Poison    3
   b - Fireball                       Conjuration/Fire             5
   c - Bolt of Fire                   Conjuration/Fire             6
   d - Delayed Fireball               Conjuration/Fire             7
   e - Ring of Flames                 Charms/Fire                  7
Miscellaneous
 A - a lamp of fire (inert)


   Skills:
 - Level 1.0 Fighting
 - Level 1.0 Short Blades
 - Level 1.5 Dodging
 - Level 1.5 Stealth
 - Level 5.3 Shields
 + Level 14.0 Spellcasting
 + Level 10.7 Conjurations
 + Level 10.4 Fire Magic


You had 17 spell levels left.
You knew the following spells:

 Your Spells              Type           Power        Failure   Level  Hunger
a - Flame Tongue          Conj/Fire      #####        1%          1    N/A
b - Conjure Flame         Conj/Fire      ######..     1%          3    N/A
c - Sticky Flame          Conj/Fire      ######..     1%          4    N/A
d - Throw Flame           Conj/Fire      ######       1%          2    N/A
e - Fireball              Conj/Fire      ######....   1%          5    N/A
f - Bolt of Fire          Conj/Fire      ######....   10%         6    N/A
g - Delayed Fireball      Conj/Fire      N/A          50%         7    N/A

Dungeon Overview and Level Annotations

Branches:
Dungeon (13/15)            Temple (1/1) D:6            Lair (1/6) D:11
    Orc (2/2) D:10
    Elf: Orc:2       Vaults: D:13-14

Altars:
Ashenzari
Cheibriados
Dithmenos
Elyvilon
Fedhas
Gozag
Hepliaklqana
Kikubaaqudgha
Makhleb
Nemelex Xobeh
Okawaru
Qazlal
Ru
Sif Muna
Trog
Uskayaw
Vehumet
Xom
Yredelemnul
Zin
The Shining One

Shops:
D:4 ?   D:8 =!!   D:9 :   D:11 *

Annotations:
D:13 RumaTero's ghost, journeyman DsAK
Lair:1 M4edhros's ghost, journeyman OpAr
Orc:2 Maurice


Innate Abilities, Weirdness & Mutations

You do not eat or drink.
Your flesh is vulnerable to fire.
You are immune to poison.
Your flesh is cold resistant. (rC+)
You are immune to negative energy. (rN+++)
You are immune to unholy pain and torment.
You can survive without breathing.
You are in touch with the powers of death.


Message History

You climb upwards.
There is a stone staircase leading down here.
Casting: Fireball
Confirm with . or Enter, or press ? or * to list all spells.
You don't have enough magic to cast that spell.
Things that are here:
a chain mail; a scimitar
Casting: Fireball
Confirm with . or Enter, or press ? or * to list all spells.
Aiming: Sticky Flame
Press: ? - help, Shift-Dir - straight line, f - orc warrior
Aim: an orc warrior, wielding a mace of holy wrath and wearing a chain mail (unusually strong)
The sticky flame hits the orc warrior.
The orc warrior is lightly wounded.
The orc warrior is covered in liquid flames!
The orc warrior burns!
The orc warrior hits you with a mace of holy wrath!!
* * * LOW HITPOINT WARNING * * *
You convulse!
You die...

##.#..#.## #....#.[##
#......[<###
#.....)[.#.## ###
##....[.....###.####
##..))...[..##...#.##
#..[.[..[...###.....#
#..[....[....##.....##
##..>[..o@...........#
#.......o#)......##.##
#...............#####
##...............#
#...............##
#..........#)..##
##.........[.[###
##....#........##
###.###.......[##


You could see 2 orc warriors.

Vanquished Creatures
  The ghost of M4edhros the Slinger, a journeyman OpAr of Fedhas (D:12)
  A hydra (Lair:1)
  A centaur warrior (D:10)
  3 two-headed ogres
  Nergalle (Orc:1)
  2 unseen horrors (D:10)
  2 orc knights (Orc:1)
  A cyclops (D:13)
  A manticore (D:11)
  A centaur zombie (D:13)
  4 centaur skeletons
  A spiny frog (Lair:1)
  A kobold demonologist (D:12)
  A rime drake (D:11)
  A tengu conjurer (D:10)
  3 trolls
  Grinder (D:3)
  2 hornets
  5 hippogriffs
  A meliai zombie (D:12)
  A slime creature (shapeshifter) (D:13)
  A wraith (D:10)
  10 yaks
  A wyvern (D:13)
  2 shadows (D:13)
  A vampire (D:9)
  A basilisk (D:12)
  2 steam dragons
  2 vampire mosquitoes (D:12)
  9 wargs
  4 water moccasins
  18 orc warriors
  A phantom (D:5)
  6 sky beasts
  A spectral hornet (D:10)
  A black bear (D:11)
  3 ice beasts
  8 ogres
  4 eyes of draining
  8 centaurs
  A crocodile (D:10)
  5 big kobolds
  6 bullfrogs
  A gnoll sergeant (D:9)
  Blork the orc (D:4)
  5 scorpions
  18 killer bees
  9 wights
  8 howler monkeys
  9 crimson imps
  2 bullfrog zombies (D:12)
  2 quasits
  3 jellies
  6 hounds
  19 orc priests
  Crazy Yiuf (D:7)
  2 gnoll shamans (D:6)
  30 orc wizards
  Jessica (D:3)
  5 bullfrog skeletons
  Natasha (twice) (D:3)
  8 iguanas
  13 worker ants
  2 hound skeletons (D:11)
  A worker ant zombie (D:7)
  17 gnolls
  10 adders
  6 shadow imps
  2 oozes
  2 adder skeletons
  2 worms
  2 dart slugs
  9 leopard geckos
  99 orcs
  A ball python (D:1)
  12 bats
  7 giant cockroaches
  2 goblins (D:3)
  11 hobgoblins
  9 jackals
  29 kobolds
  2 quokkas
  5 frilled lizards
  A jackal zombie (D:7)
  A leopard gecko skeleton (D:5)
  2 quokka zombies
  10 rats
519 creatures vanquished.

Vanquished Creatures (others)
  A fungus (Lair:1)
  A plant (D:10)
2 creatures vanquished.

Grand Total: 521 creatures vanquished

Notes
Turn   | Place    | Note
-------+----------+-------------------------------------------
     0 | D:1      | Kriby the Mummy Fire Elementalist began the quest for the Orb.
     0 | D:1      | Reached XP level 1. HP: 13/13 MP: 4/4
   109 | D:1      | Reached skill level 1 in Conjurations
   200 | D:1      | Reached skill level 3 in Spellcasting
   294 | D:1      | Reached XP level 2. HP: 19/19 MP: 1/6
  1238 | D:2      | Reached XP level 3. HP: 24/24 MP: 2/7
  1748 | D:2      | Found a faded altar of an unknown god.
  2372 | D:2      | Reached XP level 4. HP: 20/30 MP: 4/9
  2796 | D:3      | Noticed Natasha
  2805 | D:3      | Killed Natasha
  2989 | D:3      | Noticed Grinder
  3007 | D:3      | Reached skill level 4 in Spellcasting
  3007 | D:3      | Reached XP level 5. HP: 22/35 MP: 2/11
  3168 | D:3      | Paralysed by Grinder for 3 turns
  3179 | D:3      | Killed Grinder
  3179 | D:3      | Reached XP level 6. HP: 25/41 MP: 0/13
  3444 | D:3      | Found a shimmering altar of Xom.
  3444 | D:3      | Found a shimmering altar of Xom.
  3445 | D:3      | Found a shimmering altar of Xom.
  3446 | D:3      | Found a shimmering altar of Xom.
  3446 | D:3      | Found a shimmering altar of Xom.
  3446 | D:3      | Found a shimmering altar of Xom.
  3472 | D:3      | Noticed Jessica
  3490 | D:3      | Killed Jessica
  3680 | D:3      | Reached skill level 5 in Spellcasting
  3966 | D:3      | Noticed Natasha
  3971 | D:3      | Killed Natasha
  4106 | D:4      | Learned a level 3 spell: Conjure Flame
  4111 | D:4      | Learned a level 4 spell: Sticky Flame
  4114 | D:4      | Learned a level 2 spell: Throw Flame
  4191 | D:4      | Reached XP level 7. HP: 46/46 MP: 7/14
  4700 | D:4      | Found Saezou's Magic Scroll Boutique.
  4703 | D:4      | Bought a scroll of noise for 12 gold pieces
  4703 | D:4      | Bought a scroll of enchant weapon for 90 gold pieces
  4703 | D:4      | Bought a scroll of fear for 42 gold pieces
  4703 | D:4      | Bought a scroll of identify for 24 gold pieces
  4703 | D:4      | Bought a scroll of teleportation for 36 gold pieces
  4721 | D:4      | Noticed Blork the orc
  4760 | D:4      | Killed Blork the orc
  5001 | D:4      | Reached skill level 6 in Spellcasting
  5001 | D:4      | Reached skill level 5 in Conjurations
  5278 | D:4      | Found a burning altar of Makhleb.
  5844 | D:5      | Entered Level 5 of the Dungeon
  5850 | D:5      | Reached XP level 8. HP: 50/52 MP: 12/17
  6731 | D:5      | Reached skill level 7 in Spellcasting
  6731 | D:5      | Reached skill level 5 in Fire Magic
  6889 | D:5      | Reached skill level 1 in Fighting
  6947 | D:5      | Learned a level 5 spell: Fireball
  7376 | D:6      | Found a staircase to the Ecumenical Temple.
  7929 | D:6      | Reached skill level 8 in Spellcasting
  8212 | D:5      | Reached XP level 9. HP: 53/59 MP: 11/21
  8367 | Temple   | Entered the Ecumenical Temple
  9144 | D:6      | Found a hazy altar of Hepliaklqana.
  9145 | D:6      | Found a blossoming altar of Fedhas.
 10019 | D:7      | Reached skill level 9 in Spellcasting
 10713 | D:7      | Reached skill level 1 in Shields
 11047 | D:7      | Found a runed door.
 11440 | D:7      | Noticed Crazy Yiuf
 11443 | D:7      | Killed Crazy Yiuf
 11691 | D:8      | Found Soirar's Jewellery Shoppe.
 11694 | D:8      | Bought a +3 ring of intelligence for 188 gold pieces
 11925 | D:8      | Reached XP level 10. HP: 34/65 MP: 1/23
 12132 | D:8      | Found Roudoyn's Distillery.
 12358 | D:8      | Found Figomias's Distillery.
 13364 | D:9      | Reached skill level 5 in Shields
 14291 | D:9      | Found a blossoming altar of Fedhas.
 14473 | D:9      | Found a sparkling altar of Nemelex Xobeh.
 14474 | D:9      | Found a sacrificial altar of Ru.
 14477 | D:9      | Found a deep blue altar of Sif Muna.
 14494 | D:9      | Became a worshipper of Sif Muna the Loreminder
 14563 | D:9      | Found Miuzeps's Book Shop.
 14722 | D:10     | Entered Level 10 of the Dungeon
 14948 | D:10     | Reached skill level 1 in Short Blades
 15253 | D:10     | Found a staircase to the Orcish Mines.
 15256 | D:10     | Reached skill level 10 in Spellcasting
 15355 | D:10     | Noticed an unseen horror
 15359 | D:10     | Killed an unseen horror
 15373 | D:10     | Reached * piety under Sif Muna
 15760 | D:10     | Noticed a two-headed ogre
 15786 | D:10     | Killed a two-headed ogre
 15786 | D:10     | Reached ** piety under Sif Muna
 15786 | D:10     | Reached XP level 11. HP: 70/70 MP: 4/25
 15903 | D:10     | Got an ancient spear {distort}
 15904 | D:10     | Identified the cursed +2 spear "Tuaf" {distort, *Contam rPois Dex+3} (You took it off an orc on level 10 of the Dungeon)
 15926 | D:10     | Found a stormy altar of Qazlal.
 15989 | D:10     | Noticed an unseen horror
 15993 | D:10     | Killed an unseen horror
 16249 | D:10     | Reached skill level 11 in Spellcasting
 16399 | D:10     | Noticed a centaur warrior
 16405 | D:10     | Killed a centaur warrior
 16762 | D:10     | Noticed a two-headed ogre
 16769 | D:10     | Killed a two-headed ogre
 17156 | D:10     | Reached *** piety under Sif Muna
 17894 | D:11     | Found Ponag's Changing Room.
 18540 | D:11     | Reached skill level 12 in Spellcasting
 18701 | D:11     | Found a staircase to the Lair.
 18734 | D:11     | Found a shadowy altar of Dithmenos.
 18836 | D:11     | Reached **** piety under Sif Muna
 19161 | D:11     | Noticed a two-headed ogre
 19168 | D:11     | Killed a two-headed ogre
 19459 | D:12     | Noticed M4edhros's ghost (journeyman OpAr)
 19608 | Lair:1   | Entered Level 1 of the Lair of Beasts
 19612 | Lair:1   | Noticed a six-headed hydra
 19623 | Lair:1   | Killed a six-headed hydra
 19623 | Lair:1   | Reached XP level 12. HP: 76/76 MP: 15/28
 19808 | Lair:1   | Noticed M4edhros's ghost (journeyman OpAr)
 19857 | D:12     | Killed M4edhros's ghost
 20473 | D:12     | Reached skill level 10 in Conjurations
 20524 | D:12     | Reached skill level 13 in Spellcasting
 20951 | D:12     | Reached ***** piety under Sif Muna
 20951 | D:12     | Received a gift from Sif Muna
 21062 | D:11     | Learned a level 6 spell: Bolt of Fire
 21070 | D:11     | Learned a level 7 spell: Delayed Fireball
 22739 | D:13     | Reached skill level 10 in Fire Magic
 23003 | D:13     | Noticed RumaTero's ghost (journeyman DsAK)
 23011 | D:13     | Noticed a vault guard
 23375 | Orc:1    | Entered Level 1 of the Orcish Mines
 25007 | Orc:1    | Noticed Nergalle
 25011 | Orc:1    | Killed Nergalle
 25358 | Orc:1    | Reached skill level 14 in Spellcasting
 25570 | Orc:1    | Found a bloodstained altar of Trog.
 25692 | Orc:2    | Entered Level 2 of the Orcish Mines
 25909 | Orc:2    | Noticed an orc warlord
 25911 | Orc:2    | Noticed Maurice
 26294 | Orc:1    | Gained mutation: You are in touch with the powers of death. [Mummy growth]
 26294 | Orc:1    | Reached XP level 13. HP: 81/81 MP: 20/31
 26743 | Orc:1    | Slain by an orc warrior

Vault maps used:
D:1:      roderic_chinese_lattice_arrival
D:2:      first_bread, chequers_ecumenical_altar_island,
          kennysheep_generic_room_4
D:3:      minmay_door_path, xom_redecorated, uniq_grinder, uniq_jessica,
          uniq_natasha
D:4:      cheibrodos_thug_alley, serial_shops, shop, makhleb_heckhound_becter,
          uniq_blork_the_orc
D:6:      gammafunk_temple_overflow_statue,
          nicolae_ossuary_entry_false_entrances
D:7:      uniq_crazy_yiuf_cottage
D:8:      serial_shops, nicolae_shop_trees, nicolae_shop_crystal,
          nicolae_shop_temple_entry_statues_fountains
D:9:      grunt_temple_overflow_diamond, serial_shops, nicolae_shop_stone,
          basic_altar
D:10:     minmay_orc_entry_guard_dogs, basic_altar, grunt_tengu_nest,
          hangedman_weighted_door
D:11:     erik_lair_orcish_takeover, basic_altar, nicolae_transmutations_shop
D:13:     erik_vaults_2
Temple:   eino_temple_rhombus
Lair:1:   grunt_forest_stairs_basic, lemuel_fruit_tree
Orc:1:    trog_book, uniq_nergalle
Orc:2:    st_orc_pillars, nicolae_orc_sculptors_studio, uniq_saint_roka,
          uniq_maurice

Skill      XL: |  1  2  3  4  5  6  7  8  9 10 11 12 |
---------------+-------------------------------------+-----
Conjurations   | 1 2 3 4 5 6 7 8 9 10 | 10.7
Spellcasting   | 3 4 5 6 8 9 10 12 14 | 14.0
Fire Magic     | 3 4 5 6 7 9 10 | 10.4
Fighting       | 1 |  1.0
Shields        | 3 5 |  5.3
Short Blades   | 1 |  1.0
Dodging        | |  1.5
Stealth        | |  1.5

Action                   |  1- 3 |  4- 6 |  7- 9 | 10-12 | 13-15 || total
-------------------------+-------+-------+-------+-------+-------++-------
Melee: Unarmed           |     5 |       |       |       |       ||     5
       Short sword       |     5 |     8 |       |       |       ||    13
       Dagger            |       |       |   231 |   407 |       ||   638
 Cast: Flame Tongue      |    75 |   107 |   308 |   377 |     3 ||   870
       Sticky Flame      |       |       |    39 |    89 |     3 ||   131
       Conjure Flame     |       |       |    13 |    21 |       ||    34
       Throw Flame       |       |       |     1 |    14 |       ||    15
       Fireball          |       |       |       |   137 |     8 ||   145
       Bolt of Fire      |       |       |       |    23 |       ||    23
Invok: Channel Magic     |       |       |       |     2 |       ||     2
Evoke: Wand              |       |       |       |    14 |       ||    14
       Lamp of fire      |       |       |       |     1 |       ||     1
  Use: Scroll            |       |       |     7 |    14 |       ||    21
 Stab: Distracted        |       |       |     1 |       |       ||     1
Armor: Robe              |    10 |    17 |    73 |   121 |       ||   221
       Steam dragon scal |       |       |       |    21 |     2 ||    23
Dodge: Dodged            |    40 |    49 |   160 |   241 |     3 ||   493
Block: Buckler           |       |       |     5 |   115 |     2 ||   122
